 Dungeon Crawl Stone Soup version 0.17-b1-33-gd9cf236 (webtiles) character file.

361 OdinFK the Bolt Thrower (level 6, 0/46 HPs)
             Began as a Formicid Hunter on Nov 6, 2015.
             Was a Believer of Cheibriados.
             Slain by a gnoll
             ... wielding a +0 spear
              (10 damage)
             ... on level 4 of the Dungeon.
             The game lasted 00:21:29 (3904 turns).

OdinFK the Bolt Thrower (Formicid Hunter)           Turns: 3904, Time: 00:21:29

Health: 0/46       AC:  3    Str: 22    XL:     6   Next: 98%
Magic:  6/6        EV: 13    Int: 26    God:    Cheibriados [**....]
Gold:   99         SH:  0    Dex: 18    Spells: 0 memorised, 5 levels left

rFire  + . .     SeeInvis +     a - +1 hand crossbow
rCold  . . .     Clarity  .     d - +0 leather armour
rNeg   . . .     SustAt   .     (no shield)
rPois  .         Gourm    .     (helmet unavailable)
rElec  .         Spirit   .     (no cloak)
rCorr  .         Warding  .     (no gloves)
rMut   .         Stasis   +     (no boots)
MR     .....                    (no amulet)
Stlth  ++........               (no ring)
                                t - ring "Wilesal" {-Tele *Confuse +Fly rF+ Int+11}

@: lethally poisoned (0 -> -6), very slow, not resistant to hostile
enchantments, unstealthy
A: permanent stasis, dig shafts and tunnels, four strong arms, antennae 3
a: Dig, Shaft Self, Bend Time, Renounce Religion, Evoke Flight


You were on level 4 of the Dungeon.
You worshipped Cheibriados.
Cheibriados was pleased with you.
You were not hungry.

You visited 1 branch of the dungeon, and saw 4 of its levels.

You collected 99 gold pieces.

Inventory:

Hand Weapons
 a - a +1 hand crossbow (weapon)
 c - a +0 short sword
 i - a +0 dagger
 j - a +0 short sword
Armour
 d - a +0 leather armour (worn)
 f - a +0 leather armour
Jewellery
 t - the ring "Wilesal" (left hand) {-Tele *Confuse +Fly rF+ Int+11}
   (You found it on level 4 of the Dungeon)

   [ring of flight]

   It affects your intelligence (+11).
   It protects you from fire.
   It lets you fly.
   It prevents most forms of teleportation.
   It may confuse you when you take damage.
Scrolls
 g - 3 scrolls of identify {unknown}
 k - 5 scrolls of remove curse {unknown}
 l - a scroll of magic mapping {unknown}
 n - a scroll of teleportation {unknown}
 q - a scroll of random uselessness {unknown}
Potions
 h - a potion of might {unknown}
 m - a potion of lignification
 p - a potion of poison {unknown}
 r - a potion of haste {unknown}
 s - a potion of heal wounds {unknown}
 u - a potion of berserk rage {unknown}
 v - a potion of degeneration {unknown}
Comestibles
 e - 2 bread rations
 o - 2 meat rations


   Skills:
 + Level 2.9 Fighting
 + Level 1.4 Short Blades
 + Level 5.7 Crossbows
 + Level 3.1 Armour
 + Level 3.2 Dodging
 - Level 1.4 Stealth


You had 5 spell levels left.
You didn't know any spells.

Dungeon Overview and Level Annotations

Branches:
Dungeon (4/15)
 Temple: D:4-7

Altars:
Cheibriados
Dithmenos
Fedhas
Kikubaaqudgha
Makhleb
Nemelex Xobeh
Okawaru
Qazlal
Sif Muna
Trog

Annotations:
D:3 Arkorax's ghost, amateur HuWn


Innate Abilities, Weirdness & Mutations

You are under a permanent stasis effect.
You can dig through walls and to a lower floor.
Your four strong arms can wield two-handed weapons with a shield.
You have a pair of large antennae on your head (SInv).


Message History

The gnoll misses you.
You see here a dagger.
The worker ant twitches its antennae in your direction.
The gnoll misses you.
Found 15 gold pieces and a metallic sapphire potion.
There is a stone staircase leading up here.
The gnoll barely misses you. The worker ant barely misses you.
The gnoll closely misses you. The worker ant bites you.
The worker ant closely misses you. The gnoll misses you.
The gnoll closely misses you. The worker ant barely misses you.
Found a leather armour.
The worker ant bites you.
* * * LOW HITPOINT WARNING * * *
The gnoll hits you but does no damage. The worker ant bites you.
* * * LOW HITPOINT WARNING * * *
You are poisoned.
The worker ant poisons you! The worker ant barely misses you.
The gnoll hits you but does no damage. The gnoll hits you with a spear!
You die...

###.....#.<.........
####.....((.((.##.(...#
#.......######..#.#...#
##.#..#.###........#.#.. #
..$#.##.# #....#..##...#
..###..#.)# #....#........
[.........# #....#.....##.
####..>.gg# #....#.....##.
........a@###....#.....##.
####....g..#...#......###.
#..........###........#.
#.....................).
#............(.......#..
#.!.......##.........#..
#.........###.#...##....
#.......... #...####....
#..........##.... ##.#.


You could see a worker ant and 3 gnolls.

Vanquished Creatures
  A phantom (D:4)
  2 centaur skeletons (D:4)
  2 worker ants (D:4)
  2 hound skeletons (D:4)
  6 adders
  An ooze (D:4)
  6 worms
  A giant gecko (D:4)
  2 orcs
  7 bats
  6 goblins
  8 hobgoblins
  7 jackals
  6 kobolds
  3 quokkas
  2 ball pythons
  3 giant cockroaches
  6 giant newts
  8 rats
79 creatures vanquished.

Vanquished Creatures (others)
  A human (D:2)
1 creature vanquished.

Grand Total: 80 creatures vanquished

Notes
Turn   | Place    | Note
--------------------------------------------------------------
     0 | D:1      | OdinFK the Formicid Hunter began the quest for the Orb.
     0 | D:1      | Reached XP level 1. HP: 16/16 MP: 1/1
   319 | D:1      | Reached XP level 2. HP: 23/23 MP: 2/2
   612 | D:2      | Reached XP level 3. HP: 28/28 MP: 3/3
   679 | D:2      | Found a snail-covered altar of Cheibriados.
   680 | D:2      | Found an iron altar of Okawaru.
   680 | D:2      | Found a stormy altar of Qazlal.
   684 | D:2      | Found a blossoming altar of Fedhas.
   684 | D:2      | Found a shadowy altar of Dithmenos.
   686 | D:2      | Found a burning altar of Makhleb.
   686 | D:2      | Found a bloodstained altar of Trog.
   687 | D:2      | Found a sparkling altar of Nemelex Xobeh.
   689 | D:2      | Became a worshipper of Cheibriados the Contemplative
  1016 | D:2      | Reached skill level 5 in Crossbows
  1016 | D:2      | Reached XP level 4. HP: 34/34 MP: 4/4
  1392 | D:2      | Reached * piety under Cheibriados
  1481 | D:2      | Reached skill level 1 in Armour
  1552 | D:2      | Found an ancient bone altar of Kikubaaqudgha.
  1555 | D:2      | Noticed a human
  1556 | D:2      | Killed a human
  1632 | D:2      | Reached XP level 5. HP: 39/39 MP: 5/5
  1696 | D:3      | Noticed Arkorax's ghost (amateur HuWn)
  2203 | D:3      | Reached ** piety under Cheibriados
  2299 | D:3      | Found a deep blue altar of Sif Muna.
  2665 | D:4      | Got a bound silver ring
  2803 | D:4      | Identified the ring "Wilesal" {-Tele *Confuse +Fly rF+ Int+11} (You found it on level 4 of the Dungeon)
  2822 | D:4      | Reached XP level 6. HP: 13/46 MP: 6/6
  3225 | D:4      | Reached skill level 1 in Short Blades
  3904 | D:4      | Slain by a gnoll

Action                   |  1- 3 |  4- 6 || total
-------------------------+-------+-------++-------
Melee: Short sword       |       |   196 ||   196
 Fire: Hand crossbow     |    88 |    46 ||   134
  Use: Potion            |       |     1 ||     1
 Stab: Sleeping          |       |     1 ||     1
  Eat: Chunk             |       |     5 ||     5
